 Dungeon Crawl Stone Soup version 0.31-a0-538-gbc85326fa9 (webtiles) character file.

Game seed: 10840915679202128624

75 sampeng1 the Ruffian (level 4, -4/42 HPs)
             Began as a Troll Shapeshifter on Aug 13, 2023.
             Slain by a gnoll
             ... wielding a +0 flail
              (12 damage)
             ... on level 2 of the Dungeon.
             The game lasted 00:03:17 (1156 turns).

sampeng1 the Ruffian (Troll Shapeshifter)           Turns: 1156, Time: 00:03:18

Health: -4/42      AC:  4    Str: 25    XL:     4   Next: 11%
Magic:  3/3        EV: 10    Int:  4    God:
Gold:   65         SH:  0    Dex: 10    Spells: 3/3 levels left

rFire   + .          .
                       - Unarmed
rCold   . . .        (no shield)
rNeg    . . .        a - +0 animal skin
rPois   .            (helmet currently unavailable)
rElec   .            (cloak currently unavailable)
rCorr   .            (gloves unavailable)
SInv    .            (boots unavailable)
Will    .....        k - amulet of regeneration
Stlth   +            e - ring of protection from fire
HPRegen 1.87/turn    (no ring)
MPRegen 0.08/turn

%: no passive effects
@: beast-form
A: beast (slay +2), large, unfitting armour, claws 3, regeneration 1, shaggy fur
1, tough skin 1
a: Begin Untransformation


You were on level 2 of the Dungeon.
You were a hulking beast.
You visited 1 branch of the dungeon, and saw 3 of its levels.

You collected 65 gold pieces.

Inventory:

Missiles
 j - 10 poisoned darts (quivered)
Armour
 a - a +0 animal skin (worn)
Jewellery
 e - a ring of protection from fire (left claw)
 k - an amulet of regeneration (around neck)
Talismans
 c - a beast talisman (active)
 d - a flux talisman
Scrolls
 f - 2 scrolls of noise {unknown}
 g - a scroll of enchant armour {unknown}
 h - a scroll of blinking {unknown}
 i - a scroll of poison {unknown}
 m - a scroll of silence {unknown}
 n - 2 scrolls of immolation {unknown}
Potions
 b - a potion of lignification
 l - a potion of cancellation {unknown}


   Skills:
 + Level 1.7 Fighting
 + Level 2.2 Dodging
 + Level 3.5 Unarmed Combat
 + Level 3.4 Shapeshifting


You had 3 spell levels left.
You didn't know any spells.
Your spell library contained the following spells:

 Spells                   Type           Power      Damage    Failure   Level
 Foxfire                  Conj/Fire      0%         2x1d4     50%         1
 Plasma Beam              Fire/Air       0%         2x1d10    100%        6
 Starburst                Conj/Fire      0%         6d3       100%        6


Dungeon Overview and Level Annotations

Branches:
Dungeon (3/15)

Altars:


Innate Abilities, Weirdness & Mutations

You are a hulking beast.
Your limbs bulge with bestial killing power. (Slay +2)
You are too large for most types of armour.
You have claws for hands.
Your natural rate of healing is unusually fast.
You are covered in fur. (AC +1)
You have tough skin. (AC +1)


Message History

The goblin unwields a +0 sling.
The goblin wields a +0 club.
The goblin hits you but does no damage.
You barely miss the goblin. You claw the goblin!
You kill the goblin!
You now have 65 gold pieces (gained 7).
You see here a ball python corpse.
You see here a rat skeleton.
There is a stone staircase leading up here.
Found a hand axe. 2 gnolls come into view.
The gnoll shouts!
The gnoll moves out of view.
A gnoll comes into view. It is wielding a +0 halberd.
The gnoll shouts!
The gnoll shouts!
The gnoll closely misses you. The gnoll hits you with a +0 flail.
The gnoll hits you with a +0 halberd. The gnoll barely misses you.
The gnoll hits you with a +0 flail. The gnoll closely misses you.
You claw the gnoll!
The gnoll is heavily wounded.
The gnoll hits you with a +0 halberd! The gnoll closely misses you.
The gnoll barely misses you.
You scratch the gnoll.
The gnoll is almost dead.
The gnoll barely misses you. The gnoll hits you with a +0 flail.
The gnoll hits you with a +0 halberd!
You closely miss the gnoll.
The gnoll is almost dead.
You claw the gnoll!
You kill the gnoll!
The gnoll hits you with a +0 flail!
* * * LOW HITPOINT WARNING * * *
The gnoll barely misses you.
You have reached level 4!
You scratch the gnoll.
The gnoll is moderately wounded.
The gnoll hits you with a +0 flail!
You die...

####.....##.####....
#....##.##..# #.###
#^...##.##.#######
###.......##....###
#.........##......###
#.........###.......##
#.........# ####.....#
#...g.g...# ###....
#...)h....# ###..
#.........# ##.
#.........# ##
#.........# #
#.........#
#.........#
###########


You could see 2 gnolls.

Vanquished Creatures
  2 adders (D:2)
  A gnoll (D:2)
  A dart slug (D:2)
  6 ball pythons
  4 endoplasms
  2 giant cockroaches
  7 goblins
  4 hobgoblins
  4 quokkas
  A frilled lizard (D:1)
  3 kobolds
  6 rats
41 creatures vanquished.

Notes
Turn   | Place    | Note
-------+----------+-------------------------------------------
     0 | D:1      | sampeng1 the Troll Shapeshifter began the quest for the
                  | Orb.
     0 | D:1      | Reached XP level 1. HP: 18/18 MP: 0/0
   178 | D:1      | Reached skill level 1 in Fighting
   195 | D:1      | Reached XP level 2. HP: 27/27 MP: 1/1
   696 | D:2      | Reached XP level 3. HP: 32/33 MP: 2/2
   728 | D:2      | You fall into a shaft and drop 1 floor!
   854 | D:2      | Identified the +0 ring mail of Intuition {rC- Str+4 SInv}
  1156 | D:2      | Reached XP level 4. HP: 6/42 MP: 3/3
  1156 | D:2      | Slain by a gnoll

Illustrated notes

Levels and vault maps discovered:
D:1:      moated_graveyard_arrival, layout_basic
D:2:      layout_rooms, serial_curves, eino_curves_03, eino_curves_01,
          minmay_tromino_mix6
D:3:      layout_basic, dilly_ecumenical_altar_fadedgnrine

Skill      XL: |  1  2 |
---------------+-------+-----
Fighting       | 1 |  1.7
Dodging        | 2 |  2.2
Unarmed Combat | |  3.5
Shapeshifting  | |  3.4

Action                     |  1- 3 |  4- 6 || total
---------------------------+-------+-------++-------
  Melee: Unarmed           |    72 |     1 ||    73
 Armour: Animal skin       |    16 |       ||    16
  Dodge: Dodged            |    33 |       ||    33

Table legend: (Time is in decaauts)
 A = Elapsed time spent in this place.
 B = Non-inter-level travel time spent in this place.
 C = Inter-level travel time spent in this place.
 D = Time resting spent in this place.
 E = Time spent auto-exploring this place.
 F = Levels seen in this place.
 G = Mean time per level.
                   A        B        C        D        E       F      G
               +--------+--------+--------+--------+--------+-----+--------+
         Total |   1150 |   1110 |     40 |      0 |    797 |   3 |  383.3 |
       Dungeon |   1150 |   1110 |     40 |      0 |    797 |   3 |  383.3 |
               +--------+--------+--------+--------+--------+-----+--------+

Top non-repeatable levels by time:
     D:1: 676 daAuts
     D:2: 441 daAuts
     D:3: 32 daAuts
